 Dungeon Crawl Stone Soup version 0.29.0-11-gd7f09526c8 (webtiles) character file.

Game seed: 15255746528511722654

289 concernfroge the Trooper (level 6, 0/53 HPs)
             Began as a Mummy Monk on Sept 5, 2022.
             Slain by an orc priest
             ... wielding a +0 club
              (3 damage)
             ... on level 3 of the Dungeon.
             The game lasted 00:14:37 (5057 turns).

concernfroge the Trooper (Mummy Monk)               Turns: 5057, Time: 00:14:38

Health: 0/53       AC:  8    Str: 14    XL:     6   Next: 9%
Magic:  6/6        EV: 10    Int:  9    God:
Gold:   76         SH:  0    Dex: 17    Spells: 5/5 levels left

rFire   x . .      SeeInvis +   j - +0 shortbow (freeze)
rCold   + . .      Faith    .   (shield currently unavailable)
rNeg    + + +      Spirit   .   f - +0 chain mail
rPois   ∞          Reflect  .   (no helmet)
rElec   .          Harm     .   (no cloak)
rCorr   .          Rampage  .   (no gloves)
Will    .....                   (no boots)
Stlth   ..........              (no amulet)
HPRegen 0.17/turn               a - +4 ring of evasion
MPRegen 0.10/turn               g - ring of see invisible

@: no status effects
A: cold resistance 1, negative energy resistance 3, torment resistance 2, heat
vulnerability 1, in touch with death 1, no potions
a: no special abilities


You were on level 3 of the Dungeon.
You visited 1 branch of the dungeon, and saw 5 of its levels.

You collected 164 gold pieces.
You spent 88 gold pieces at shops.

Inventory:

Hand Weapons
 b - a +0 trident
 j - a +0 shortbow of freezing (weapon)
Missiles
 k - a boomerang
Armour
 f - a +0 chain mail (worn)
Jewellery
 a - a +4 ring of evasion (left hand)
 g - a ring of see invisible (right hand)
 h - a +4 ring of evasion
Wands
 e - a wand of iceblast (12)
 l - a wand of paralysis (7)
Scrolls
 c - 2 scrolls of teleportation
 d - 3 scrolls of identify
 i - a scroll of butterflies


   Skills:
 * Level 6.8 Fighting
 - Level 2.4 Polearms
 + Level 0.6 Ranged Weapons
 - Level 2.4 Dodging
 - Level 1.5 Stealth


You had 5 spell levels left.
You didn't know any spells.
Your spell library contained the following spells:

 Spells                   Type           Power      Damage    Failure   Level
 Necrotise                Necr           0%         1d4       100%        1
 Static Discharge         Conj/Air       0%         3-3/arc   100%        2
 Gell's Gravitas          Tloc           0%         N/A       100%        3
 Teleport Other           Tloc           0%         N/A       100%        3
 Vampiric Draining        Necr           0%         2d6       100%        3
 Agony                    Necr           0%         N/A       100%        5
 Lightning Bolt           Conj/Air       0%         1d11      100%        5
 Dispersal                Tloc           0%         N/A       100%        6
 Maxwell's Capacitive Co  Air            0%         ∞         100%        8


Dungeon Overview and Level Annotations

Branches:
Dungeon (5/15)
 Temple: D:4-7

Altars:

Shops:
D:1 :*[(

Annotations:
D:4 exclusion: downstairs
D:5 exclusion: 2 ogres


Innate Abilities, Weirdness & Mutations

You are immune to poison.
Your flesh is cold resistant. (rC+)
You are immune to negative energy. (rN+++)
You are immune to unholy pain and torment.
You are vulnerable to heat. (rF-)
You are in touch with the powers of death.
You do not drink.


Message History

The quokka barely misses you. x2
You shoot an arrow. The arrow barely misses the quokka.
The arrow hits the orc priest.
The arrow freezes the orc priest.
The orc priest is almost dead.
The quokka bites you. The quokka closely misses you.
You shoot an arrow. The arrow hits the quokka.
The arrow freezes the quokka.
The quokka is severely wounded.
The quokka bites you but does no damage.
The quokka closely misses you.
The orc priest invokes the aid of Beogh against you.
Beogh smites you!
The quokka bites you but does no damage.
You shoot an arrow. The arrow hits the quokka!
The arrow freezes the quokka.
You kill the quokka!
The orc priest hits you with a +0 club.
You shoot an arrow.
The arrow hits the orc priest but does no damage.
The orc priest is almost dead.
The orc priest hits you but does no damage.
The orc priest invokes the aid of Beogh against you.
Beogh smites you!
You are too injured to fight recklessly!
Fire: j) +0 shortbow (freeze)
Press: ? - help, Q - select action, (/) - cycle Shift-Dir - straight line, f/p - orc priest
Aim: an orc priest, wielding a +0 club and wearing a +0 scale mail (almost dead, 66% to hit)
You shoot an arrow. The arrow barely misses the orc priest.
The orc priest mumbles some strange prayers to Beogh against you.
Beogh smites you!
* * * LOW HITPOINT WARNING * * *
The orc priest hits you with a +0 club.
* * * LOW HITPOINT WARNING * * *
Fire: j) +0 shortbow (freeze)
Press: ? - help, Q - select action, (/) - cycle Shift-Dir - straight line, f/p - orc priest
Aim: an orc priest, wielding a +0 club and wearing a +0 scale mail (almost dead, 66% to hit)
You shoot an arrow.
The arrow hits the orc priest but does no damage.
The orc priest is almost dead.
The orc priest looks encouraged for a moment.
The orc priest hits you with a +0 club.
You die...

..÷..................##..........
######.......#.########..........
######.......#.# #..........
.÷...........#.# #..........
##############.########..........
#....................
#..#####.#.######....
#..#####.#'######)...
#..o@.............###
#..######.........# #..#
#.........# #.r# ##'######## #..#
#.# ######## #..# #.###.......
#..# #........... .####..###
#####......!
..........##########......


You could see an orc priest.

Vanquished Creatures
  A howler monkey (D:4)
  An orc priest (D:3)
  Terence (D:3)
  An orc wizard (D:3)
  3 gnolls
  6 adders
  3 dart slugs
  6 orcs
  5 bats
  5 endoplasms
  3 giant cockroaches
  5 hobgoblins
  3 jackals (D:1)
  5 quokkas
  10 ball pythons
  10 frilled lizards
  3 goblins
  8 kobolds
  3 rats
82 creatures vanquished.

Vanquished Creatures (collateral kills)
  A ball python (D:3)
1 creature vanquished.

Vanquished Creatures (others)
  8 plants (D:3)
8 creatures vanquished.

Grand Total: 91 creatures vanquished

Notes
Turn   | Place    | Note
-------+----------+-------------------------------------------
     0 | D:1      | concernfroge the Mummy Monk began the quest for the Orb.
     0 | D:1      | Reached XP level 1. HP: 18/18 MP: 1/1
    85 | D:1      | Found Torelag's Antique Armour Shoppe.
   207 | D:1      | Found a faded altar of an unknown god.
   287 | D:1      | Found Paonketu's General Store.
   310 | D:1      | Reached XP level 2. HP: 20/24 MP: 2/2
   525 | D:1      | Reached skill level 4 in Fighting
   627 | D:1      | Found Uguar's Book Boutique.
   770 | D:1      | Found Acodion's Weapon Emporium.
   849 | D:1      | Gained mutation: You are in touch with the powers of death.
                  | [Mummy growth]
   849 | D:1      | Reached XP level 3. HP: 30/30 MP: 3/3
  1385 | D:2      | You fall into a shaft and drop 1 floor!
  2133 | D:5      | Entered Level 5 of the Dungeon
  2133 | D:5      | Noticed an ogre
  2133 | D:5      | Noticed an ogre
  2175 | D:3      | Reached XP level 4. HP: 38/38 MP: 4/4
  2497 | D:4      | Reached skill level 5 in Fighting
  3298 | D:3      | Reached XP level 5. HP: 44/46 MP: 5/5
  3398 | D:3      | Reached skill level 6 in Fighting
  3602 | D:3      | Noticed Terence
  3605 | D:3      | Killed Terence
  4278 | D:1      | Bought a +0 shortbow of freezing for 88 gold pieces
  4973 | D:3      | Reached XP level 6. HP: 42/53 MP: 6/6
  5057 | D:3      | Slain by an orc priest

Illustrated notes

Levels and vault maps discovered:
D:1:      giann_horns, layout_basic, serial_shops, nicolae_lakefront_shop,
          nicolae_shop_waterfront, shop, shop_fountains,
          ebering_ecumenical_altar_abandoned
D:2:      layout_basic, minmay_misc_feat_iff, corner_web_ring
D:3:      layout_basic, minmay_lizard_king, uniq_terence
D:4:      layout_gridville, uniq_eustachio
D:5:      layout_cave_pools, minitemple, minmay_temple_entry_nine_rooms,
          kennysheep_decorative_pillar

Skill      XL: |  1  2  3  4  5 |
---------------+----------------+-----
Fighting       | 4 5 6 |  6.8
Polearms       | |  2.4
Ranged Weapons | |  0.6
Dodging        | |  2.4
Stealth        | |  1.5

Action                   |  1- 3 |  4- 6 || total
-------------------------+-------+-------++-------
Melee: Spear             |   162 |    10 ||   172
       Punch             |     2 |     1 ||     3
       Trident           |       |   135 ||   135
 Fire: Shortbow          |       |    37 ||    37
Evoke: Wand              |       |     1 ||     1
  Use: Scroll            |    11 |     1 ||    12
 Stab: Sleeping          |     2 |       ||     2
Armor: Robe              |     3 |       ||     3
       Ring mail         |    30 |    36 ||    66
       Chain mail        |       |    27 ||    27
Dodge: Dodged            |    74 |   106 ||   180
